 Dungeon Crawl Stone Soup version 0.25-a0-1079-g858b6a6ff6 (webtiles) character file.

Game seed: 8734598603699603018, levelgen mode: deterministic

1879941 bmfx the Spry (level 27, 219/219 HPs)
             Began as a Mummy Hunter on May 13, 2020.
             Was an Initiate of Gozag.
             Escaped with the Orb
             ... and 4 runes on May 15, 2020!
             The game lasted 05:31:34 (105557 turns).

bmfx the Spry (Mummy Hunter)                      Turns: 105557, Time: 05:31:35

Health: 219/219    AC: 20    Str: 30    XL:     27
Magic:  44/44      EV: 27    Int: 25    God:    Gozag
Gold:   300        SH:  6    Dex: 17    Spells: 39/61 levels left

rFire    + + .     SeeInvis +   a - +8 arc blade {discharge, rElec}
rCold    + + .     Gourm    .   O - +0 buckler "Ymoeruant" {rC+ Str+4 Int+4}
rNeg     + + +     Faith    .   k - +3 leather armour "Woudihon" {rCorr Int+8 Stlth-}
rPois    ∞         Spirit   +   H - +2 helmet {SInv}
rElec    +         Reflect  .   K - +2 cloak {MR+}
rCorr    +         Harm     .   C - +2 pair of gloves
MR       ++++.                  R - +2 pair of boots {Stlth+}
Stlth    ++........             f - amulet of guardian spirit
HPRegen  0.46/turn              Z - ring of the Tempest {Str+5 Slay+4}
MPRegen  0.29/turn              j - ring of Ryalydedd {Wiz rF+++}

@: bribing [the Dungeon, the Realm of Zot, the Depths]
A: no food or potions, fire vulnerability, cold resistance 1, negative energy
resistance 3, torment resistance, unbreathing, in touch with death 2
0: Orb of Zot
}: 4/15 runes: serpentine, barnacled, slimy, abyssal
a: Potion Petition, Call Merchant, Bribe Branch, Renounce Religion


You escaped.
You worshipped Gozag.
Gozag was aware of your devotion.
You were not hungry.

You visited 11 branches of the dungeon, and saw 56 of its levels.
You visited the Abyss 3 times.
You also visited: Trove, Gauntlet and Wizlab.

You collected 38180 gold pieces.
You spent 5102 gold pieces at shops.
You paid 32778 gold pieces to Gozag.


Innate Abilities, Weirdness & Mutations

You do not eat or drink.
Your flesh is vulnerable to fire.
You are immune to poison.
Your flesh is cold resistant. (rC+)
You are immune to negative energy. (rN+++)
You are immune to unholy pain and torment.
You can survive without breathing.
You are strongly in touch with the powers of death.

Dungeon Overview and Level Annotations

Branches:
Dungeon (15/15)            Temple (0/1) D:6            Lair (6/6) D:9
 Shoals (4/4) Lair:4        Snake (4/4) Lair:3        Slime (5/5) Lair:6
    Orc (2/2) D:12            Elf (3/3) Orc:2        Vaults (4/5) D:13
  Crypt (3/3) Vaults:2       Tomb (0/3) Crypt:3      Depths (5/5) D:15
    Zot (5/5) Depths:5     WizLab (visited)         Gauntlet (visited)

Altars:
Ashenzari
Cheibriados
Elyvilon
Gozag
Hepliaklqana
Kikubaaqudgha
Makhleb
Nemelex Xobeh
Trog
Uskayaw
Vehumet
Yredelemnul
Zin
Beogh
Jiyva

Shops:
D:10 (   D:12 }   Orc:1 =   Orc:2 ((:}   Elf:3 *   Shoals:1 [}   Vaults:2 [
Depths:1 *   Depths:4 }[*!

Portals:
Hell: Depths:1 Depths:2 Depths:3 Depths:4 Depths:5
Abyss: Depths:3 Depths:4
Pandemonium: Depths:1 Depths:3 Depths:4
Ziggurat: Depths:4

Annotations:
Shoals:2 3 runed translucent doors, Meunluxu's ghost, adept NaFi
Elf:1 2 runed translucent doors, Hasart's ghost, adept GrFi
Vaults:3 Mennas
Depths:4 2 transporters


   Skills:
 + Level 18.5 Fighting
 - Level 14.0 Short Blades
 - Level 11.2 Axes
 - Level 14.0 Slings
 - Level 8.0 Armour
 - Level 20.0 Dodging
 - Level 14.0 Stealth
 - Level 5.2 Shields
 + Level 17.5 Spellcasting
 - Level 10.0 Conjurations
 - Level 10.0 Hexes
 - Level 4.0 Charms
 - Level 8.0 Summonings
 - Level 6.0 Translocations
 - Level 10.0 Transmutations
 - Level 10.0 Evocations


You had 39 spell levels left.
You knew the following spells:

 Your Spells              Type           Power        Failure   Level  Hunger
a - Apportation           Tloc           ######       1%          1    N/A
b - Blink                 Tloc           N/A          1%          2    N/A
i - Invisibility          Hex            ######..     2%          6    N/A
j - Aura of Abjuration    Summ           ######....   1%          5    N/A
A - Spectral Weapon       Hex/Chrm       ######..     1%          3    N/A
B - Irradiate             Conj/Tmut      ######....   1%          5    N/A

Your spell library contained the following spells:

 Spells                   Type           Power        Failure   Level  Hunger
 Animate Skeleton         Necr           N/A          1%          1    N/A
 Corona                   Hex            ######.      1%          1    N/A
 Freeze                   Ice            ###.         1%          1    N/A
 Magic Dart               Conj           ####         1%          1    N/A
 Pain                     Necr           ####         1%          1    N/A
 Sandblast                Erth           ###...       1%          1    N/A
 Sting                    Tmut/Pois      ####         1%          1    N/A
 Summon Small Mammal      Summ           ####         1%          1    N/A
 Call Imp                 Summ           ######..     1%          2    N/A
 Corpse Rot               Necr/Air       N/A          1%          2    N/A
 Ensorcelled Hibernation  Hex/Ice        #####.       1%          2    N/A
 Passwall                 Tmut/Erth      #####...     1%          2    N/A
 Poisonous Vapours        Pois/Air       ###...       1%          2    N/A
 Searing Ray              Conj           ######       1%          2    N/A
 Slow                     Hex            ######..     1%          2    N/A
 Song of Slaying          Chrm           #####...     1%          2    N/A
 Sticks to Snakes         Tmut           ######..     1%          2    N/A
 Call Canine Familiar     Summ           ######..     1%          3    N/A
 Confusing Touch          Hex            ######..     1%          3    N/A
 Conjure Flame            Conj/Fire      #####...     1%          3    N/A
 Dazzling Flash           Conj/Hex       ######       1%          3    N/A
 Gell's Gravitas          Tloc           ######....   1%          3    N/A
 Ignite Poison            Fire/Tmut/Pois #####...     1%          3    N/A
 Inner Flame              Hex/Fire       #####...     1%          3    N/A
 Mephitic Cloud           Conj/Pois/Air  #####...     1%          3    N/A
 Ozocubu's Armour         Chrm/Ice       ####....     1%          3    N/A
 Portal Projectile        Hex/Tloc       ######       1%          3    N/A
 Recall                   Summ/Tloc      N/A          1%          3    N/A
 Static Discharge         Conj/Air       #####...     1%          3    N/A
 Stone Arrow              Conj/Erth      #####.       1%          3    N/A
 Summon Guardian Golem    Hex/Summ       ######..     1%          3    N/A
 Cause Fear               Hex            ######....   1%          4    N/A
 Fulminant Prism          Conj/Hex       ######....   1%          4    N/A
 Hailstorm                Conj/Ice       #####...     1%          4    N/A
 Iskenderun's Mystic Bla  Conj/Tloc      ######..     1%          4    N/A
 Leda's Liquefaction      Hex/Erth       #####.....   1%          4    N/A
 Petrify                  Tmut/Erth      #####...     1%          4    N/A
 Summon Ice Beast         Ice/Summ       #####...     1%          4    N/A
 Summon Lightning Spire   Summ/Air       #####...     1%          4    N/A
 Iskenderun's Battlesphe  Conj/Chrm      ######..     1%          5    N/A
 Summon Demon             Summ           ######....   1%          5    N/A
 Summon Forest            Summ/Tloc      ######....   1%          5    N/A
 Summon Mana Viper        Hex/Summ       ######..     1%          5    N/A
 Yara's Violent Unravell  Hex/Tmut       ######....   1%          5    N/A
 Frozen Ramparts          Ice            ###...       3%          3    N/A
 Vampiric Draining        Necr           #####.....   3%          3    N/A
 Alistair's Intoxication  Tmut/Pois      #####...     3%          5    N/A
 Lightning Bolt           Conj/Air       #####.....   3%          5    N/A
 Metabolic Englaciation   Hex/Ice        #####.....   3%          5    N/A
 Silence                  Hex/Air        #####.....   3%          5    N/A
 Shadow Creatures         Summ           N/A          6%          6    N/A
 Bolt of Magma            Conj/Fire/Erth #####.....   7%          5    N/A
 Dispel Undead            Necr           #####...     10%         4    N/A
 Olgreb's Toxic Radiance  Pois           ###.....     10%         4    N/A
 Excruciating Wounds      Chrm/Necr      ######....   12%         5    N/A
 Orb of Destruction       Conj           ######....   14%         7    N/A
 Conjure Ball Lightning   Conj/Air       #####.....   19%         6    N/A
 Eringya's Noxious Bog    Tmut/Pois      #####.....   19%         6    N/A
 Iron Shot                Conj/Erth      #####.....   19%         6    N/A
 Spellforged Servitor     Conj/Summ      ######....   21%         7    N/A
 Agony                    Necr           #####...     26%         5    N/A
 Borgnjor's Vile Clutch   Necr/Erth      #####.....   26%         5    N/A
 Lee's Rapid Deconstruct  Erth           ###.......   26%         5    N/A
 Summon Hydra             Summ           ######....   30%         7    N/A
 Freezing Cloud           Conj/Ice/Air   #####.....   34%         6    N/A
 Malign Gateway           Summ/Tloc      ######....   41%         7    N/A
 Death Channel            Necr           #####.....   80%         6    N/A
 Ozocubu's Refrigeration  Ice            ###.......   80%         6    N/A
 Simulacrum               Ice/Necr       #####.....   80%         6    N/A
 Ignition                 Fire           ###.......   100%        8    N/A
 Shatter                  Erth           ###.......   100%        9    N/A
 Tornado                  Air            ###.......   100%        9    N/A
 Beastly Appendage        Tmut           Unusable     N/A         1    N/A
 Sublimation of Blood     Necr           Unusable     N/A         2    N/A
 Spider Form              Tmut/Pois      Unusable     N/A         3    N/A
 Ice Form                 Ice/Tmut       Unusable     N/A         4    N/A
 Blade Hands              Tmut           Unusable     N/A         5    N/A
 Hydra Form               Tmut           Unusable     N/A         6    N/A
 Dragon Form              Tmut           Unusable     N/A         7    N/A
 Statue Form              Tmut/Erth      Unusable     N/A         6    N/A

Action                   |  1- 3 |  4- 6 |  7- 9 | 10-12 | 13-15 | 16-18 | 19-21 | 22-24 | 25-27 || total
-------------------------+-------+-------+-------+-------+-------+-------+-------+-------+-------++-------
Melee: Short sword       |   147 |       |       |       |       |       |       |       |       ||   147
       Dagger            |       |    34 |   275 |   203 |       |       |       |       |       ||   512
       War axe           |       |       |       |   302 |   512 |       |       |       |       ||   814
       Rapier            |       |       |       |       |   815 |  1842 |   732 |   454 |   611 ||  4454
       Demon whip        |       |       |       |       |       |   131 |       |       |       ||   131
       Demon blade       |       |       |       |       |       |       |       |       |    29 ||    29
 Fire: Hunting sling     |    23 |   239 |   355 |   702 |   136 |    49 |     5 |       |       ||  1509
       Fustibalus        |       |       |       |       |       |       |   994 |  2238 |   924 ||  4156
Throw: Dart              |       |     2 |     9 |    19 |       |       |       |       |       ||    30
       Throwing net      |       |       |       |     3 |       |       |     2 |       |     4 ||     9
       Stone             |       |       |       |     1 |       |       |       |       |       ||     1
       Javelin           |       |       |       |       |    14 |    18 |    20 |       |     4 ||    56
 Cast: Spectral Weapon   |       |       |       |       |       |    59 |    62 |    22 |    20 ||   163
       Blink             |       |       |       |       |       |     4 |     1 |    22 |    19 ||    46
       Irradiate         |       |       |       |       |       |       |     1 |     4 |     6 ||    11
       Apportation       |       |       |       |       |       |       |       |     2 |   163 ||   165
       Aura of Abjuratio |       |       |       |       |       |       |       |     1 |     3 ||     4
       Invisibility      |       |       |       |       |       |       |       |       |    24 ||    24
Invok: Potion Petition   |       |       |       |     5 |     5 |     1 |     2 |     5 |     6 ||    24
       Call Merchant     |       |       |       |       |       |     2 |       |     2 |       ||     4
       Bribe Branch      |       |       |       |       |       |       |       |       |     7 ||     7
 Abil: Evoke Invisibilit |       |       |       |       |    10 |    32 |    39 |    42 |    13 ||   136
Evoke: Wand              |       |     9 |    10 |    21 |    17 |    55 |    37 |    27 |    23 ||   199
       Tin of tremorston |       |       |       |       |     8 |    10 |    17 |     9 |    12 ||    56
       Lightning rod     |       |       |       |       |    10 |     6 |    20 |    37 |     3 ||    76
       Phantom mirror    |       |       |       |       |       |     1 |       |     2 |     1 ||     4
       Phial of floods   |       |       |       |       |       |       |       |     2 |       ||     2
       Box of beasts     |       |       |       |       |       |       |       |     3 |     1 ||     4
  Use: Scroll            |       |     9 |     3 |    17 |    13 |    11 |    14 |    19 |    16 ||   102
 Stab: Held in net/web   |       |       |       |     2 |       |       |       |       |     3 ||     5
       Distracted        |       |       |       |     1 |     3 |     6 |    16 |     3 |    13 ||    42
       Paralysed         |       |       |       |       |    16 |     2 |       |     2 |     3 ||    23
       Invisible         |       |       |       |       |    39 |    58 |    41 |    44 |    88 ||   270
       Sleeping          |       |       |       |       |     1 |     2 |    64 |    41 |    44 ||   152
Armor: Plate armour      |   113 |    81 |   250 |   353 |   189 |       |       |       |       ||   986
       Leather armour    |    13 |       |       |       |       |   143 |   122 |    99 |    98 ||   475
       Storm dragon scal |       |       |       |       |   420 |   315 |       |       |       ||   735
Dodge: Dodged            |    31 |    28 |   116 |   161 |   351 |   924 |   513 |   698 |   594 ||  3416
Block: Buckler           |       |       |    72 |    67 |       |   281 |   161 |   153 |   110 ||   844
       Kite shield       |       |       |       |   181 |   532 |    97 |       |       |       ||   810
       Rpst.: Demon blade |       |       |       |       |       |       |       |       |     3 ||     3

Skill      XL: |  1  2  3  4  5  6  7  8  9 10 11 12 13 14 15 16 17 18 19 20 21 22 23 24 25 26 27 |
---------------+----------------------------------------------------------------------------------+-----
Fighting       | 3 4 6 10 12 15 18 | 18.5
Slings         | 4 5 8 10 13 14 | 14.0
Short Blades   | 1 3 4 9 13 14 | 14.0
Armour         | 2 3 4 8 |  8.0
Evocations     | 3 4 10 | 10.0
Shields        | 4 5 |  5.2
Axes           | 3 9 10 11 | 11.2
Dodging        | 4 10 11 15 16 18 20 | 20.0
Spellcasting   | 6 7 10 12 16 17 | 17.5
Hexes          | 5 6 10 | 10.0
Charms         | 4 |  4.0
Translocations | 3 6 |  6.0
Stealth        | 5 8 11 14 | 14.0
Conjurations   | 6 8 9 10 | 10.0
Transmutations | 6 8 9 10 | 10.0
Summonings     | 8 |  8.0

Inventory:

Hand Weapons
 a - the +8 arc blade (weapon) {discharge, rElec}
   (You found it on level 12 of the Dungeon)

   It insulates you from electricity.
 b - the +2 broad axe of Inlu {vorpal, +Blink rF+ rC-}
   (You found it on level 3 of the Depths)

   It inflicts extra damage upon your enemies.
   It protects you from fire.
   It makes you vulnerable to cold.
   It lets you blink.
 c - the +8 demon blade "Leech" {vamp, *Rage +Rage rN+}
   (You found it on level 3 of the Crypt)

   It inflicts no extra harm, but heals its wielder when it wounds a living foe.
   It protects you from negative energy.
   It lets you go berserk.
   It may make you go berserk in combat.
 w - a +9 vorpal fustibalus
Missiles
 d - 546 sling bullets
 e - 1225 stones
 g - 83 javelins
 h - 17 throwing nets (quivered) {!f}
 G - 67 silver javelins
Armour
 k - the +3 leather armour "Woudihon" (worn) {rCorr Int+8 Stlth-}
   (You bought it in a shop on level 1 of the Shoals)

   It affects your intelligence (+8).
   It provides partial protection from all sources of acid and corrosion.
   It makes you less stealthy.
 C - a +2 pair of gloves (worn)
 E - a +1 cloak of magic resistance
 H - a +2 helmet of see invisible (worn)
 K - a +2 cloak of magic resistance (worn)
 O - the +0 buckler "Ymoeruant" (worn) {rC+ Str+4 Int+4}
   (You took it off a deep elf annihilator on level 3 of the Elven Halls)

   It affects your strength (+4).
   It affects your intelligence (+4).
   It protects you from cold.
 R - a +2 pair of boots of stealth (worn)
 S - the -4 pair of boots of Udaal {rC+ Regen+ Slay+6}
   (You found it on level 3 of the Elven Halls)

   It affects your accuracy and damage with ranged weapons and melee attacks
   (+6).
   It protects you from cold.
   It increases your rate of regeneration.
 V - a scarf of resistance
Jewellery
 f - an amulet of guardian spirit (around neck)
 j - the ring of Ryalydedd (right hand) {Wiz rF+++}
   (You found it in a treasure trove)

   [ring of wizardry]

   It improves your spell success rate.
   It renders you almost immune to fire.
 o - a +6 ring of intelligence
 q - an uncursed amulet of regeneration
 v - an uncursed ring of flight
 B - an uncursed ring of resist corrosion
 D - a +5 ring of evasion
 Q - an uncursed ring of protection from magic
 Z - the ring of the Tempest (left hand) {Str+5 Slay+4}
   (You found it on level 3 of the Abyss)

   [ring of slaying]

   It affects your strength (+5).
   It affects your accuracy and damage with ranged weapons and melee attacks
   (+4).
Wands
 n - a wand of paralysis (7)
 t - a wand of acid (35)
 u - a wand of flame (99)
 F - a wand of disintegration (12)
 L - a wand of polymorph (11)
 T - a wand of iceblast (29)
 W - a wand of digging (14)
 X - a wand of enslavement (53)
 Y - a wand of clouds (5)
Scrolls
 i - 28 scrolls of teleportation {@r1}
 l - 4 scrolls of fear
 m - 5 scrolls of magic mapping
 p - 34 scrolls of identify {@r3}
 s - 21 scrolls of remove curse {@r4}
 x - a scroll of silence
 y - a scroll of blinking {@r2}
 z - 4 scrolls of fog
 A - 6 scrolls of immolation
 I - 2 scrolls of summoning
 U - 4 scrolls of vulnerability
Miscellaneous
 r - a tin of tremorstones (3/3)
 J - 6 boxes of beasts
 M - a phial of floods
 N - 2 phantom mirrors
 P - a lightning rod (4/4)

#.# #...#.#.#.#.#.#.#.#.....# #.#
####...............###.)# #.#
#..........#......##..#### #.#
##.......#.......##....... #.#
#......#....#.....#....... ##.#
##...#!..........##...###. ...#
#..#...#.#.#.#....#...# ## ####
##...............##..## #
#...#..#.@.#..#...#..# #
##...............###.# #
#....#.#.#.#...#..##.# #
##...........#...###.# #
#.....#....#......##.# #
##.......#.......###.# ##
#....!.#..........##.####.
####...............##.....#.
######...#.#.#.#.#.#.#.#...###.#.


There were no monsters in sight!

Vanquished Creatures
  the Royal Jelly (Slime:5)
  An orb of fire (Zot:5)
  A juggernaut (Depths:2)
  2 ancient liches
  Bai Suzhen (Snake:3)
  Saint Roka (Snake:2)
  A Killer Klown (Zot:4)
  A curse toe (Zot:5)
  5 golden dragons
  A caustic shrike (Depths:3)
  Jory (Crypt:3)
  2 bone dragons
  A shard shrike zombie (Crypt:2)
  24 tentacled monstrosities
  Jorgrun (D:12)
  A titan (Depths:2)
  2 quicksilver dragons (Zot:1)
  10 Orb Guardians
  3 liches
  A deep elf master archer (Elf:3)
  5 tentacled starspawn (Abyss:3)
  20 acid blobs
  3 deep elf blademasters
  4 death cobs
  9 ancient champions
  3 sphinxes
  Kirke (D:12)
  4 tengu reavers
  6 draconian monks
  7 shadow dragons
  A revenant (Crypt:3)
  9 azure jellies
  10 storm dragons
  Roxanne (Snake:1)
  7 fire giants
  7 nagarajas (Snake:4)
  An iron dragon (Depths:1)
  Aizul (Snake:1)
  6 draconian knights
  8 frost giants
  12 draconian scorchers
  A ghost moth (Zot:2)
  9 vault wardens
  7 deep elf sorcerers
  Louise (Shoals:3)
  2 curse skulls
  6 ghouls
  7 deep elf elementalists (Elf:3)
  8 draconian stormcallers
  2 draconian shifters
  2 entropy weavers
  12 draconian annihilators
  13 ironheart preservers
  A spriggan defender (Depths:3)
  14 stone giants
  7 very ugly things
  7 deep elf demonologists
  14 green draconians
  9 deep elf annihilators
  Azrael (Snake:1)
  Nessos (D:12)
  15 white draconians
  24 yellow draconians
  A minotaur (Gauntlet)
  14 purple draconians
  12 red draconians
  12 black draconians
  5 spark wasps
  27 vampire knights
  4 eidola
  6 merfolk javelineers
  6 death oozes
  8 ettins
  Josephine (Snake:1)
  7 fire dragons
  14 deep elf death magi
  6 deep elf high priests (Elf:3)
  7 merfolk impalers
  9 yaktaur captains
  2 quicksilver dragon zombies (Crypt:3)
  9 ice dragons
  A quicksilver dragon skeleton (Abyss:3)
  6 jiangshi
  12 ogre magi
  15 great orbs of eyes
  A vault guard (Vaults:4)
  Harold (D:8)
  5 rakshasas
  7 hydras
  22 naga warriors
  4 spriggan air magi
  3 alligator snapping turtles
  A merfolk avatar (Shoals:3)
  The ghost of Mierey the Cleaver, a novice DDFi of Makhleb (Lair:1)
  10 anacondas
  3 death knights
  5 catoblepae
  12 vampire magi
  10 centaur warriors
  23 two-headed ogres
  5 deep troll shamans
  5 merfolk aquamancers
  8 tengu warriors
  15 death yaks
  A hell hog (D:15)
  6 deep troll earth magi
  A satyr (Shoals:3)
  A queen ant (Lair:5)
  A titan zombie (Crypt:3)
  8 spriggan berserkers
  10 shock serpents
  3 soul eaters
  17 naga sharpshooters
  5 spriggans
  3 storm dragon zombies (Crypt:3)
  19 deep elf knights
  11 hell knights
  4 shadow wraiths
  A fire crab (Gauntlet)
  41 skeletal warriors
  15 sea snakes
  A ghost moth zombie (Crypt:1)
  3 sixfirhies
  An orange crystal statue (Depths:4)
  29 deep trolls
  5 unseen horrors
  A deep troll (shapeshifter) (Depths:2)
  2 starcursed masses (Abyss:3)
  2 iron trolls
  4 naga ritualists
  11 flayed ghosts
  5 wizards
  3 golden dragon zombies (Crypt:3)
  A gelid demonspawn (Depths:1)
  A swamp dragon (shapeshifter) (Elf:1)
  20 deep elf archers
  2 glowing orange brains
  12 ironbrand convokers
  18 phantasmal warriors
  A sphinx zombie (Crypt:3)
  A lindwurm (shapeshifter) (Vaults:4)
  7 necromancers
  13 orc knights
  7 mana vipers
  9 harpies
  41 ugly things
  8 cyclopes
  2 iron dragon zombies
  74 deep elf magi
  6 orc sorcerers
  4 wolf spiders
  6 shining eyes
  14 manticores
  6 fauns
  A worldbinder (Abyss:3)
  A nameless horror (Crypt:3)
  A shock serpent zombie (Crypt:3)
  15 merfolk sirens
  8 oklob plants
  5 salamanders
  26 moths of wrath
  2 stone giant skeletons
  29 naga magi
  5 guardian serpents
  28 black mambas
  6 elephants (Lair:3)
  Maurice (D:10)
  An eye of devastation (Slime:5)
  Joseph (D:10)
  A rust devil (Depths:3)
  15 vault sentinels
  3 water nymphs
  4 gargoyles
  Psyche (D:10)
  2 hellions
  A swamp worm zombie (Crypt:1)
  A shock serpent skeleton (Crypt:3)
  5 freezing wraiths
  4 orange demons
  7 spiny frogs
  A white draconian zombie (Crypt:3)
  2 kobold demonologists
  3 efreet
  2 komodo dragons (shapeshifter)
  45 yaktaurs
  4 rime drakes
  10 komodo dragons
  50 merfolk
  A yaktaur skeleton (Depths:1)
  A tengu conjurer (D:15)
  A meliai (shapeshifter) (Vaults:1)
  A meliai (D:11)
  4 wind drakes
  2 hydra zombies (Crypt:3)
  2 polar bears
  9 trolls
  5 hornets
  A raiju (shapeshifter) (Vaults:4)
  10 raiju
  Prince Ribbit (D:6)
  A sphinx simulacrum (Vaults:1)
  11 blink frogs
  A fire dragon zombie (Crypt:3)
  73 slime creatures
  8 dream sheep
  6 bog bodies
  2 satyr zombies (Crypt:3)
  2 meliai zombies (D:14)
  13 snapping turtles
  A dream sheep (shapeshifter) (D:11)
  Sigmund (D:4)
  An alligator skeleton (Crypt:1)
  7 hippogriffs
  5 shadows
  3 redbacks (Vaults:3)
  A tarantella (shapeshifter) (D:14)
  23 vampires
  An ettin skeleton (Crypt:3)
  5 flying skulls (Gauntlet)
  A yak (shapeshifter) (Abyss:3)
  2 air elementals
  18 wraiths
  3 wyverns
  2 fire elementals
  16 humans
  5 neqoxecs
  A human (shapeshifter) (D:15)
  5 fire bats (Gauntlet)
  5 golden eyes
  61 yaks
  A basilisk (D:10)
  21 water elementals
  6 vampire mosquitoes
  6 hungry ghosts
  A swamp worm (shapeshifter) (Depths:4)
  3 swamp worms
  A wind drake skeleton (Crypt:3)
  3 chaos spawn
  63 nagas
  5 soldier ants (Lair:5)
  4 two-headed ogre zombies (WizLab)
  5 wargs
  Edmund (D:4)
  10 water moccasins
  A deep troll skeleton (Vaults:3)
  3 acid dragons
  A gelid demonspawn skeleton (Crypt:3)
  4 porcupines
  A water nymph skeleton (Crypt:2)
  12 large abominations
  2 floating eyes (Depths:3)
  A tengu skeleton (Depths:1)
  6 hell hounds
  2 floating eyes (shapeshifter) (Vaults:3)
  38 orc warriors
  4 sky beasts
  A black bear (Lair:1)
  9 ice beasts
  7 eyes of draining
  8 necrophages
  A blink frog zombie (Crypt:1)
  56 ogres
  2 fire dragon simulacra (Depths:1)
  10 wolves
  3 human skeletons
  16 boggarts
  26 centaurs
  10 crocodiles
  6 big kobolds
  29 bullfrogs
  A draconian zombie (Crypt:1)
  A rime drake skeleton (Crypt:2)
  A wyvern zombie (D:14)
  15 earth elementals
  A wyvern skeleton (D:7)
  5 scorpions
  10 small abominations
  A water moccasin skeleton (Crypt:3)
  10 troll zombies (WizLab)
  5 killer bees
  14 wights
  30 jellies
  An electric eel (Elf:1)
  3 howler monkeys
  5 centaur zombies
  12 crimson imps
  A human simulacrum (Vaults:1)
  A quasit (D:12)
  A yaktaur simulacrum (Vaults:1)
  3 bullfrog zombies
  A human zombie (Crypt:3)
  7 hounds
  A gnoll shaman (D:4)
  18 orc priests
  25 orc wizards
  4 bullfrog skeletons
  6 centaur skeletons
  An iguana (D:5)
  Natasha (thrice) (D:4)
  30 worker ants
  A dwarf zombie (Crypt:2)
  6 ogre zombies (WizLab)
  3 hound zombies
  A howler monkey zombie (D:10)
  7 gnolls
  2 howler monkey skeletons (D:4)
  18 adders
  6 shadow imps
  An ufetubus (Abyss:2)
  2 oozes
  A worm zombie (Crypt:2)
  A halfling skeleton (Crypt:1)
  2 lava snake skeletons
  3 adder skeletons
  A worm (D:6)
  3 dart slugs
  6 leopard geckos
  90 orcs
  9 bats
  6 giant cockroaches
  14 goblins
  9 hobgoblins
  4 jackals (D:6)
  7 quokkas
  8 frilled lizards
  39 kobolds
  A kobold skeleton (Crypt:2)
  A leopard gecko skeleton (D:6)
  10 rats
  A rat zombie (Crypt:3)
  5 fungi
  6 plants
  7 starspawn tentacles (Abyss:3)
2641 creatures vanquished.

Vanquished Creatures (collateral kills)
  Sojobo (Crypt:1)
  Nikola (Shoals:4)
  A profane servitor (Crypt:1)
  2 electric golems (Zot:5)
  5 Orb Guardians (Zot:5)
  Frances (Shoals:1)
  2 ancient champions (Crypt:1)
  2 storm dragons
  A draconian monk (Zot:1)
  2 draconian stormcallers (Zot:1)
  A draconian scorcher (Zot:1)
  A draconian shifter (Zot:5)
  A black draconian (Zot:1)
  2 yellow draconians (Zot:1)
  A red draconian (Zot:1)
  A death ooze (Slime:5)
  A hydra (Lair:6)
  A phantasmal warrior (Depths:1)
  2 moths of wrath (Zot:5)
  A komodo dragon (D:9)
  3 blink frogs (Lair:6)
  A fire elemental (Snake:1)
  A naga (Snake:1)
  2 hell hounds (Snake:1)
37 creatures vanquished.

Vanquished Creatures (others)
  2 orbs of fire (Zot:5)
  5 ancient liches (Zot:5)
  4 Killer Klowns (Zot:5)
  A golden dragon (Zot:5)
  A tentacled monstrosity (Zot:5)
  10 Orb Guardians (Zot:5)
  2 death cobs
  2 storm dragons
  A draconian scorcher (Zot:1)
  A ghost moth (Zot:5)
  3 draconian shifters
  3 white draconians (Zot:4)
  2 red draconians (Zot:1)
  An alligator snapping turtle (Zot:5)
  A catoblepas (Depths:1)
  A centaur warrior (D:15)
  26 dancing weapons
  A merfolk (Shoals:4)
  6 humans (D:12)
  An eye of draining (Zot:5)
  13 fungi
  A lurking horror (Abyss:3)
  37 plants
  37 spectral weapons
  5 starspawn tentacles (Abyss:3)
167 creatures vanquished.

Grand Total: 2845 creatures vanquished

Levels and vault maps discovered:
D:1:      co_arrival_square_in_a_square_in_a_square, layout_loops_ring
D:2:      minmay_evil_eye, layout_basic
D:3:      layout_rooms, lemuel_doored_altar, first_ration, serial_corexii_hall,
          chequers_hall_statues_wall_a, chequers_hall_statues_corner_a
D:4:      layout_basic, uniq_edmund, uniq_natasha, uniq_sigmund
D:5:      layout_loops_cross, lemuel_crystal_altar, kiku_gazebo_garden_becter
D:6:      kb_forest_paths, layout_loops_ring, nicolae_gozag_seed_capital,
          kennysheep_little_box, minmay_temple_entry_trees,
          nemelex_dance_club_becter, uniq_prince_ribbit1
D:7:      layout_rooms, nicolae_overflow_hidden_temple
D:8:      layout_basic, uniq_harold
D:9:      layout_layer_cave, erik_lair_orcish_takeover, trog_hazing_becter
D:10:     layout_rooms, serial_shops, shop_statue, uniq_joseph, uniq_psyche,
          uniq_maurice
D:11:     minmay_the_grid_square_5x5_4x4
          [minmay_the_grid_square_5x5_sharp_hourglass,
          minmay_the_grid_square_5x5_lines,
          minmay_the_grid_square_5x5_broken_cross,
          minmay_the_grid_square_5x5_shrine2,
          minmay_the_grid_square_5x5_half_checkered,
          minmay_the_grid_square_5x5_prize_itemx,
          minmay_the_grid_square_5x5_prize_pseudospiral,
          minmay_the_grid_square_5x5_tie, minmay_the_grid_square_5x5_misaligned,
          minmay_the_grid_square_5x5_prize_rear_guard,
          minmay_the_grid_square_5x5_prize_junk,
          minmay_the_grid_square_5x5_n_small, minmay_the_grid_square_5x5_fat_x,
          minmay_the_grid_square_5x5_two_small, minmay_the_grid_square_5x5_bite,
          minmay_the_grid_square_5x5_percent], layout_basic,
          gauntlet_entry_generic, nicolae_trove_entry_crystal
D:12:     minmay_shoctagon, layout_basic, orc_0_dummy, serial_shops,
          kennysheep_mini_moat, uniq_kirke, uniq_jorgrun, uniq_nessos
D:13:     layout_irregular_city, david_vaults_3
D:14:     layout_loops_cross, minmay_door_square
D:15:     grunt_enter_depths_giant_problem, layout_basic,
          hangedman_decor_lopped, chequers_serial_rivers_small_3, st_stairs_1,
          hangedman_decor_riveting
Lair:1:   layout_gridlike, ebering_ghost_funeral_grove,
          infiniplex_staircase_pool
Lair:2:   layout_roguey, enter_volcano_3, minmay_lair_oklob_chamber
Lair:3:   layout_cave_pods, minmay_snake_entry_guardpost_small
Lair:4:   layout_regular_city, shoals_dummy_entry, minivault_11,
          lemuel_fruit_tree, infiniplex_staircase_pool_2
Lair:5:   dragon1_lemuel, layout_long_grid, minmay_another_anthill
Lair:6:   evilmike_catoblepas_cave, layout_long_grid, slime_altar_1,
          worms_lemuel
Shoals:1: layout_shoals, uniq_frances
Shoals:2: layout_shoals, gammafunk_ghost_split
Shoals:3: layout_shoals, uniq_louise
Shoals:4: shoals_end_simple, layout_shoals, uniq_nikola
Snake:1:  layout_misc_corridors, uniq_roxanne, uniq_azrael, uniq_josephine,
          uniq_aizul
Snake:2:  layout_grid_shapes, uniq_saint_roka
Snake:3:  layout_honeycomb, st_stairs_5, uniq_bai_suzhen
Snake:4:  snake_pit, layout_gridlike, basic_altar, serial_bayou_shore_a
Slime:1:  layout_caves
Slime:2:  layout_caves
Slime:3:  layout_caves
Slime:4:  layout_caves
Slime:5
Orc:1:    layout_caves, serial_shops, shop
Orc:2:    st_orc_ogre_mass, layout_diamond_mine, basic_altar
Elf:1:    minmay_elf_arrival_plus, layout_geoelf_octagon,
          ebering_ghost_disaster_area, minmay_elf_crystal_heptagon,
          st_stairs_12, columned_hall_lemuel, elves_outpost_lemuel
Elf:2:    layout_rooms
Elf:3:    minmay_elf_hall_spiked, layout_geoelf_grid, serial_shops, shop
Vaults:1: nicolae_vaults_octagons, vaults_mumra_chevron_long,
          nicolae_vaults_network_star, v_misc_31, nicolae_vaults_three_branches,
          vaults_room_pools, nicolae_vaults_diagonal_hallway_7,
          ontoclasm_vaults_gateway, nicolae_vaults_little_squares_1,
          vaults_dpeg_hooks, layout_vaults_quadrants
Vaults:2: hangedman_vaults_stretched_pinwheel, minmay_crypt_entry_simple_walls,
          v_rooms_5, v_misc_5, hangedman_vaults_snaps, grunt_vaults_funnel,
          nicolae_vaults_border_crossing, ontoclasm_vaults_loading_screen,
          vaults_mumra_hex, ontoclasm_vaults_decontamination,
          nicolae_vaults_diagonal_hallway_9, vaults_mumra_lcd,
          layout_vaults_big_room
Vaults:3: v_misc_29, nicolae_vaults_asterisk, v_misc_13, ontoclasm_vaults_pinch,
          vaults_room_octagon, vaults_standard_mumra_lines,
          nicolae_vaults_sealed_display, vaults_room_pools, v_rooms_5, v_misc_5,
          vaults_dpeg_doors, vaults_room_hallway,
          nicolae_vaults_yaktaur_gun_rack, layout_vaults_omnicross,
          mu_enter_wizlab_3, uniq_mennas
Vaults:4: nicolae_vaults_c_with_doors, nicolae_vaults_network_periphery,
          v_misc_28, v_alt_pattern_3, grunt_vaults_hallway_short,
          nicolae_vaults_hallways_thing, vaults_room_pools,
          hangedman_vaults_maws, v_misc_15, ontoclasm_vaults_chip,
          grunt_vaults_hallway_long, hangedman_vaults_pinch,
          nicolae_vaults_mini_display_case, nicolae_vaults_little_squares_3,
          vaults_room_stairs_pillars, v_misc_14, layout_vaults_maze_bifur
Crypt:1:  gammafunk_crypt_yreds_forest, layout_chaotic_city,
          nicolae_crypt_soggy_tomb, uniq_sojobo
Crypt:2:  layout_chaotic_city
Crypt:3:  due_elkab, layout_chaotic_city
Depths:1: layout_gridville, serial_sigils_hangedman_scratch,
          rand_demon_pan_entry_3, pf_hell_entry_great_geh,
          hangedman_cracks_in_the_wall
Depths:2: kennysheep_large_spiral, layout_cave_pools, hell_entry,
          nicolae_two_hexagons, library_closet, grunt_ministairs_11
Depths:3: constructs_gauntlet_mu_hangedman, layout_cave_pools,
          grunt_hell_entry_dis_mu, minmay_room_of_horrors, pan_entry,
          minmay_checkered_concentric_circles, infiniplex_staircase_9_rooms
Depths:4: gammafunk_the_bubble [the_bubble_gammafunk_plus_minus],
          layout_cave_shapes, enter_ziggurat_f, minmay_misc_feat_tiny,
          hell_entry, nicolae_abyss_entry_one_way_or_another, pan_entry,
          minmay_protected_statue, minmay_shoptagon, infiniplex_staircase_pool_1
Depths:5: grunt_zot_entry_pinwheel, layout_basic, hell_entry,
          nemelex_xobeh_ov_fountains_minmay, evilmike_ruin_ashenzari, uniq_jory
Zot:1:    layout_gridville
Zot:2:    lemuel_acid_trip, layout_concentric_octagons
Zot:3:    layout_twisted_circle
Zot:4:    layout_gridlike, basic_altar, hangedman_swamp_dais
Zot:5:    layout_basic


Message History

You climb upwards.
There is a stone staircase leading down here.
A torturous demonspawn comes into view. It is wielding a +0 demon whip.
The torturous demonspawn moves out of view.
There is a stone staircase leading up here.
You climb upwards.
There is a stone staircase leading down here.
Do you want to bribe the denizens of the Dungeon?
You no longer have enough gold to petition Gozag for potion effects.
You no longer have enough gold to fund merchants seeking to open stores in the dungeon.
You no longer have enough gold to bribe branches to halt enemies' attacks and recruit allies.
Gozag spreads your bribe to the Dungeon!
(D) Dungeon (T) Temple (L) Lair (A) Shoals (P) Snake Pit (M) Slime Pits (O) Orcish Mines (E) Elven Halls (V) Vaults (C) Crypt (W) Tomb (U) Depths (H) Hell (Z) Zot
Where to? (Enter - D:1 @ (x,y), ? - help)
What level of the Dungeon? (default 1, ? - help)
There is a staircase leading out of the dungeon here.
You have escaped!

Notes
Turn   | Place    | Note
-------+----------+-------------------------------------------
     0 | D:1      | bmfx the Mummy Hunter began the quest for the Orb.
     0 | D:1      | Reached XP level 1. HP: 16/16 MP: 1/1
   254 | D:1      | Reached XP level 2. HP: 21/23 MP: 2/2
   968 | D:2      | Reached XP level 3. HP: 28/28 MP: 3/3
  1089 | D:2      | Reached XP level 4. HP: 35/35 MP: 4/4
  1956 | D:2      | Reached skill level 1 in Short Blades
  2333 | D:3      | Reached XP level 5. HP: 42/42 MP: 5/5
  2397 | D:3      | Found a basalt altar of Yredelemnul.
  2462 | D:3      | Reached skill level 1 in Armour
  2819 | D:4      | Noticed Sigmund
  2835 | D:4      | Noticed Edmund
  2892 | D:4      | Reached XP level 6. HP: 43/48 MP: 6/6
  2931 | D:5      | Entered Level 5 of the Dungeon
  3081 | D:4      | Noticed Natasha
  3086 | D:4      | Reached skill level 1 in Evocations
  3086 | D:4      | Killed Natasha
  3386 | D:4      | Noticed Natasha
  3406 | D:4      | Killed Natasha
  3559 | D:4      | Killed Edmund
  3559 | D:4      | Reached XP level 7. HP: 44/54 MP: 7/9
  3601 | D:4      | Noticed Natasha
  3619 | D:4      | Killed Natasha
  3800 | D:4      | Killed Sigmund
  4579 | D:5      | Reached XP level 8. HP: 60/60 MP: 11/11
  4831 | D:5      | Found a sparkling altar of Nemelex Xobeh.
  5048 | D:5      | Reached skill level 1 in Shields
  5072 | D:5      | Found an ancient bone altar of Kikubaaqudgha.
  5597 | D:6      | Found a hazy altar of Hepliaklqana.
  5707 | D:6      | Found an opulent altar of Gozag.
  5742 | D:6      | Became a worshipper of Gozag Ym Sagoz the Greedy
  5914 | D:6      | Reached skill level 5 in Slings
  5956 | D:6      | Reached XP level 9. HP: 64/65 MP: 12/12
  6084 | D:6      | Noticed Prince Ribbit
  6108 | D:6      | Killed Prince Ribbit
  6192 | D:6      | Found a staircase to the Ecumenical Temple.
  6467 | D:6      | Reached skill level 5 in Fighting
  7751 | D:7      | Found a radiant altar of Vehumet.
  7752 | D:7      | Found a hide-covered altar of Uskayaw.
  7997 | D:8      | Noticed Harold
  8012 | D:8      | Reached XP level 10. HP: 54/76 MP: 13/13
  8039 | D:8      | Killed Harold
  8314 | D:8      | Noticed a manticore
  8326 | D:8      | p0werm0de: deng
  8334 | D:8      | p0werm0de: greatermu now?
  8338 | D:8      | Killed a manticore
  8338 | D:8      | bmfx: on my way to become one
  8338 | D:8      | p0werm0de: gl
  8338 | D:8      | bmfx: btw sequell believes i have to win mutm
  8338 | D:8      | p0werm0de: ill make a coffee and watch ya a bit
  8338 | D:8      | p0werm0de: yeye sequell is from last millenium
  8603 | D:7      | Found a burning altar of Makhleb.
  8603 | D:7      | Found a white marble altar of Elyvilon.
  8858 | D:9      | Found a staircase to the Lair.
  9026 | D:9      | Got an encrusted war axe
  9027 | D:9      | Identified the +7 war axe of Terror {flame, Str+5 Dex+3}
                  | (You found it on level 9 of the Dungeon)
  9155 | D:9      | p0werm0de: did you ever have coffeine addiction that heavy
                  | that you need it to sleep
  9155 | D:9      | bmfx: nope
  9651 | D:8      | Reached skill level 1 in Axes
 10046 | D:9      | Reached skill level 10 in Fighting
 10429 | D:9      | Found a bloodstained altar of Trog.
 10751 | D:10     | Entered Level 10 of the Dungeon
 10939 | D:10     | Noticed a two-headed ogre
 10982 | D:10     | Noticed Joseph
 11128 | D:10     | Noticed Psyche
 11180 | Lair:1   | Entered Level 1 of the Lair of Beasts
 11185 | Lair:1   | Noticed a spiny frog
 11193 | Lair:1   | Killed a spiny frog
 11287 | D:9      | Reached XP level 11. HP: 78/90 MP: 14/14
 11773 | Lair:1   | Reached skill level 5 in Axes
 12044 | Lair:1   | Found a runed translucent door.
 12045 | Lair:1   | Noticed a spriggan rider
 12045 | Lair:1   | Identified the +9 trident of Xyun {vamp, rElec Str+3}
 12045 | Lair:1   | Noticed Mierey's ghost (novice DDFi)
 12876 | Lair:2   | Noticed a five-headed hydra
 13304 | Lair:2   | Noticed an oklob plant
 13680 | Lair:2   | Noticed a rakshasa
 13680 | Lair:2   | an efreet changed into a rakshasa
 14489 | Lair:3   | Found a staircase to the Snake Pit.
 14504 | Lair:3   | Reached XP level 12. HP: 88/97 MP: 15/15
 15486 | Lair:4   | Found a staircase to the Shoals.
 15730 | Lair:4   | Noticed a catoblepas
 15772 | Lair:4   | Killed a catoblepas
 15772 | Lair:4   | Reached skill level 10 in Axes
 16134 | Lair:5   | Noticed a six-headed hydra
 16455 | Lair:5   | Reached skill level 5 in Armour
 16879 | Lair:5   | Killed a six-headed hydra
 16928 | Lair:5   | Noticed an entropy weaver
 16938 | Lair:6   | Entered Level 6 of the Lair of Beasts
 16970 | Lair:6   | Noticed a four-headed hydra
 16973 | Lair:6   | Killed a four-headed hydra
 17083 | Lair:6   | Noticed a death yak
 17083 | Lair:6   | Noticed a death yak
 17102 | Lair:5   | Noticed a great orb of eyes
 17102 | Lair:5   | an entropy weaver changed into a great orb of eyes
 17107 | Lair:5   | Paralysed by a great orb of eyes for 4 turns
 17114 | Lair:5   | Killed a great orb of eyes
 17240 | Lair:5   | Noticed an entropy weaver
 17351 | Lair:5   | Noticed a queen ant
 17371 | Lair:5   | Killed a queen ant
 17371 | Lair:5   | Reached skill level 5 in Shields
 17615 | Lair:6   | Noticed a death yak
 17659 | Lair:6   | Noticed a death yak
 17711 | Lair:5   | Gained mutation: You are in touch with the powers of death.
                  | [Mummy growth]
 17711 | Lair:5   | Reached XP level 13. HP: 80/103 MP: 16/16
 17901 | Lair:6   | Reached skill level 5 in Evocations
 18666 | D:6      | Found a sparkling altar of Nemelex Xobeh.
 18807 | D:10     | Killed Joseph
 18884 | D:10     | Noticed Maurice
 18892 | D:10     | Killed Maurice
 18998 | D:10     | Killed Psyche
 19173 | D:10     | Found Jism's Antique Weapon Shoppe.
 19492 | D:11     | Found a gate leading to a gauntlet.
 19526 | Gauntlet | Entered a Gauntlet
 19526 | Gauntlet | Found a transporter.
 19526 | Gauntlet | Found a transporter.
 19625 | Gauntlet | Found a transporter.
 19628 | Gauntlet | Found a transporter.
 19636 | Gauntlet | Found a transporter.
 19640 | Gauntlet | Found a transporter.
 19649 | Gauntlet | Found a transporter.
 19663 | Gauntlet | Found a runed translucent gate.
 19664 | Gauntlet | Found a transporter.
 19664 | Gauntlet | Found a runed translucent gate.
 19665 | Gauntlet | Found a runed translucent gate.
 19678 | Gauntlet | Found a transporter.
 19682 | Gauntlet | Found a transporter.
 19683 | Gauntlet | Found the ring of Shadows {Umbra +Inv Stlth+}
 19693 | Gauntlet | Found a transporter.
 19694 | Gauntlet | Found a transporter.
 20197 | Gauntlet | Identified the +11 demon whip of Foul Odors {venom, +Inv
                  | rC- Str+8 Int-2}
 20197 | Gauntlet | Identified the +8 hand crossbow "Ygetebb" {elec, rC+}
 20197 | Gauntlet | Noticed a minotaur
 20237 | Gauntlet | Killed a minotaur
 21136 | D:11     | Reached skill level 10 in Evocations
 21141 | D:11     | Identified the +5 lajatang of bmfx's Extermination {drain,
                  | rElec rPois Int-4 Dex+6}
 21348 | D:11     | Found a portal to a secret trove of treasure.
 22160 | D:11     | Found a portal to a secret trove of treasure.
 22572 | D:12     | Learned a level 2 spell: Blink
 22857 | D:12     | Noticed Jorgrun
 22874 | D:12     | Killed Jorgrun
 22874 | D:12     | Reached XP level 14. HP: 109/110 MP: 19/21
 23102 | D:12     | Noticed Kirke
 23114 | D:12     | Killed Kirke
 23269 | D:12     | Found the +8 arc blade {discharge, rElec}
 23487 | D:12     | Noticed Nessos
 23497 | D:12     | Killed Nessos
 23505 | D:12     | Found Jehintu's Gadget Shoppe.
 23508 | D:12     | Bought a wand of acid (10) for 392 gold pieces
 23508 | D:12     | Bought a wand of iceblast (11) for 210 gold pieces
 23508 | D:12     | Bought a wand of acid (8) for 336 gold pieces
 23665 | D:12     | Found a staircase to the Orcish Mines.
 23910 | D:13     | Found a gate to the Vaults.
 23917 | D:12     | Reached skill level 5 in Short Blades
 25577 | D:13     | Cast into level 2 of the Abyss (skeletal warrior)
 25577 | Abyss:2  | Found a corrupted altar of Lugonu.
 25624 | D:13     | Escaped the Abyss
 26859 | D:15     | Entered Level 15 of the Dungeon
 26884 | D:15     | Noticed a fire giant
 26997 | D:15     | Killed a fire giant
 27108 | D:15     | Reached XP level 15. HP: 92/115 MP: 18/22
 27205 | D:15     | Found a staircase to the Depths.
 27286 | D:15     | Reached skill level 10 in Short Blades
 28745 | Lair:1   | Killed Mierey's ghost
 31124 | Lair:6   | Identified the Almanac of Assistive Earth
 31179 | Lair:6   | Found a staircase to the Slime Pits.
 31179 | Lair:6   | Found a viscous altar of Jiyva.
 31530 | Lair:6   | Reached XP level 16. HP: 98/122 MP: 19/23
 32028 | Lair:6   | Identified the Guide on Captivating Ice
 32627 | Orc:1    | Entered Level 1 of the Orcish Mines
 32627 | Orc:1    | Found Menlegro's Jewellery Shoppe.
 32874 | Orc:2    | Entered Level 2 of the Orcish Mines
 33220 | Orc:2    | Found a roughly hewn altar of Beogh.
 33351 | Orc:2    | Reached skill level 2 in Dodging
 33351 | Orc:2    | Reached skill level 3 in Dodging
 33390 | Orc:2    | Found Verhuip's Weapon Emporium.
 33390 | Orc:2    | Found Lag Ykaa's Antique Weapon Boutique.
 33392 | Orc:2    | Found Qedd's Gadget Shop.
 33392 | Orc:2    | Found Abovvooh's Book Emporium.
 33430 | Orc:2    | Bought a runed hunting sling for 117 gold pieces
 33432 | Orc:2    | Bought a runed broad axe for 182 gold pieces
 33436 | Orc:2    | Bought a wand of iceblast (7) for 154 gold pieces
 33498 | Orc:2    | Found a staircase to the Elven Halls.
 33562 | Orc:2    | Reached skill level 4 in Dodging
 34135 | Orc:2    | Upgraded the game from 0.25-a0-1056-g2efb326896 to
                  | 0.25-a0-1073-gf4359a17dd
 34139 | Orc:2    | Learned a level 3 spell: Spectral Weapon
 34354 | Snake:1  | Entered Level 1 of the Snake Pit
 34355 | Snake:1  | Noticed Azrael
 34375 | Snake:1  | Killed Azrael
 34375 | Snake:1  | Reached skill level 1 in Spellcasting
 34492 | Snake:1  | Noticed Roxanne
 34614 | Snake:1  | Reached skill level 1 in Hexes
 34620 | Snake:1  | Reached skill level 1 in Charms
 35487 | Snake:1  | Noticed Josephine
 35520 | Snake:1  | Killed Josephine
 36015 | Snake:1  | Learned a level 1 spell: Apportation
 36403 | Snake:1  | Noticed Aizul
 36415 | Snake:1  | Killed Aizul
 37007 | Snake:1  | Killed Roxanne
 37167 | Snake:2  | Noticed Saint Roka
 38032 | Snake:2  | Reached skill level 5 in Spellcasting
 38118 | Snake:2  | Killed Saint Roka
 38118 | Snake:2  | Reached skill level 5 in Hexes
 38637 | Snake:2  | Reached XP level 17. HP: 115/128 MP: 22/26
 39084 | Snake:2  | Reached skill level 5 in Dodging
 39535 | Snake:3  | Reached skill level 6 in Dodging
 39957 | Snake:3  | Reached skill level 7 in Dodging
 40394 | Snake:3  | Noticed Bai Suzhen
 40779 | Snake:3  | Reached skill level 8 in Dodging
 40860 | Snake:3  | Killed Bai Suzhen
 41773 | Snake:4  | Entered Level 4 of the Snake Pit
 41811 | Snake:4  | Reached skill level 9 in Dodging
 42039 | Snake:4  | Found a glowing silver altar of Zin.
 42724 | Snake:4  | Reached skill level 10 in Dodging
 42860 | Snake:4  | Learned a level 5 spell: Irradiate
 43004 | Shoals:1 | Entered Level 1 of the Shoals
 43053 | Shoals:1 | Noticed Frances
 43068 | Shoals:1 | Killed Frances
 43068 | Shoals:1 | Reached skill level 1 in Translocations
 44095 | Shoals:1 | Bought a twisted leather armour for 189 gold pieces
 44095 | Shoals:1 | Bought a slimy ring mail for 243 gold pieces
 44095 | Shoals:1 | Bought a garnet-encrusted scale mail for 243 gold pieces
 44105 | Shoals:1 | Identified the +3 leather armour "Woudihon" {rCorr Int+8
                  | Stlth-} (You bought it in a shop on level 1 of the Shoals)
 44115 | Shoals:1 | Identified the +4 ring mail of Jaumnegi {+Blink Regen+
                  | Dex+2} (You bought it in a shop on level 1 of the Shoals)
 44127 | Shoals:1 | Identified the +1 scale mail "Dautem" {rPois Int+2} (You
                  | bought it in a shop on level 1 of the Shoals)
 44140 | Shoals:1 | Bought a wand of iceblast (6) for 140 gold pieces
 44140 | Shoals:1 | Bought a wand of iceblast (6) for 140 gold pieces
 44140 | Shoals:1 | Bought a wand of clouds (3) for 294 gold pieces
 44140 | Shoals:1 | Bought a phial of floods for 560 gold pieces
 44140 | Shoals:1 | Bought a box of beasts for 280 gold pieces
 44310 | Shoals:2 | Found a runed translucent gate.
 44310 | Shoals:2 | Found a runed translucent gate.
 44310 | Shoals:2 | Found a runed translucent gate.
 44312 | Shoals:2 | Noticed Meunluxu's ghost (adept NaFi)
 45336 | Shoals:3 | Reached XP level 18. HP: 134/134 MP: 25/29
 45722 | Shoals:3 | Noticed Louise
 45730 | Shoals:3 | Killed Louise
 46860 | Shoals:3 | Reached skill level 5 in Translocations
 47372 | Shoals:3 | Reached skill level 10 in Spellcasting
 47478 | Shoals:4 | Entered Level 4 of the Shoals
 48258 | Shoals:4 | Noticed Nikola
 48596 | Shoals:4 | Killed Nikola
 49454 | Shoals:4 | Cast into level 3 of the Abyss (merfolk impaler)
 49454 | Abyss:3  | Found an opulent altar of Gozag.
 49492 | Shoals:4 | Escaped the Abyss
 50303 | Shoals:4 | Found the +9 staff of Wucad Mu {channel}
 50497 | Shoals:4 | Got a barnacled rune of Zot
 51236 | Snake:4  | Reached skill level 1 in Stealth
 52011 | Snake:4  | Reached skill level 5 in Stealth
 52182 | Snake:4  | Reached XP level 19. HP: 138/147 MP: 27/33
 52858 | Snake:4  | Got a serpentine rune of Zot
 53253 | Elf:1    | Entered Level 1 of the Elven Halls
 53296 | Elf:1    | Found a large runed translucent door.
 53296 | Elf:1    | Found a large runed translucent door.
 53914 | Elf:1    | Reached skill level 1 in Conjurations
 53918 | Elf:1    | Reached skill level 1 in Transmutations
 54663 | Elf:1    | Noticed Hasart's ghost (adept GrFi)
 55380 | Elf:2    | Identified the +7 scimitar of Scorn {vorpal, rC+} (You
                  | found it on level 2 of the Elven Halls)
 55717 | Elf:2    | Found a huge runed translucent gate.
 55717 | Elf:2    | Found a huge runed translucent gate.
 55717 | Elf:2    | Found a huge runed translucent gate.
 55717 | Elf:2    | Found a huge runed translucent gate.
 55729 | Elf:2    | Found a huge runed translucent gate.
 57012 | Elf:2    | Reached skill level 5 in Conjurations
 57012 | Elf:2    | Reached skill level 5 in Transmutations
 58131 | Elf:3    | Entered Level 3 of the Elven Halls
 58721 | Elf:3    | Found Zoagom's General Store.
 58856 | Elf:3    | Bought a scroll of blinking for 97 gold pieces
 59817 | Elf:3    | Reached XP level 20. HP: 152/154 MP: 27/34
 60665 | Elf:3    | Identified the +7 falchion of Liebb {distort, *Contam rElec
                  | rPois rN++}
 61324 | Elf:3    | Identified the cursed +1 mace of Melee {vamp, Dex+3}
 61843 | Elf:3    | Identified the +0 buckler "Ymoeruant" {rC+ Str+4 Int+4}
 61957 | Elf:3    | Identified the cursed +1 robe of the Trombone {rC+}
 62072 | Elf:3    | Identified the Grimoire of the Boosting Rocks
 62110 | Elf:3    | Identified Sif Muna's Almanac of Frigorific Black Magic
 62164 | Elf:3    | Got a pair of ichor-stained boots
 62175 | Elf:3    | Identified the -4 pair of boots of Udaal {rC+ Regen+
                  | Slay+6} (You found it on level 3 of the Elven Halls)
 62281 | Elf:3    | Identified the Grimoire of Ashen Transformation
 62663 | Vaults:1 | Entered Level 1 of the Vaults
 63309 | Vaults:1 | Reached skill level 10 in Stealth
 63471 | Vaults:1 | Identified the +3 chain mail "Otitaok" {+Inv rElec Dex-4
                  | SInv} (You found it on level 1 of the Vaults)
 64821 | Vaults:1 | Reached skill level 10 in Slings
 65310 | Vaults:2 | Reached XP level 21. HP: 153/160 MP: 32/35
 65611 | Vaults:2 | Found a staircase to the Crypt.
 66636 | Vaults:3 | Found a magical portal.
 66648 | WizLab   | Entered Zonguldrok's Shrine
 67312 | WizLab   | Noticed an antique lich
 67329 | WizLab   | Killed an antique lich
 67335 | WizLab   | Found the +9 sword of Zonguldrok {reap}
 67637 | Vaults:3 | Noticed Mennas
 69528 | Vaults:3 | Reached XP level 22. HP: 167/167 MP: 36/36
 71193 | Vaults:2 | Bought a +1 cloak of stealth for 231 gold pieces
 71790 | Depths:1 | Entered Level 1 of the Depths
 72642 | Depths:1 | Found a gateway to Hell.
 73834 | Depths:1 | Found a one-way gate leading to the halls of Pandemonium.
 74113 | Depths:1 | Bought a glowing kite shield for 322 gold pieces
 75045 | Depths:2 | Reached skill level 15 in Fighting
 75953 | Depths:2 | Noticed a golden dragon
 75962 | Depths:2 | Killed a golden dragon
 76057 | Depths:2 | Reached skill level 11 in Dodging
 76143 | Depths:2 | Noticed a juggernaut
 76161 | Depths:2 | Killed a juggernaut
 76428 | Depths:2 | Identified Sif Muna's Collected Works on Calling and
                  | Beguiling
 76688 | Depths:2 | Reached XP level 23. HP: 149/181 MP: 28/37
 76890 | Depths:2 | Reached skill level 12 in Dodging
 77682 | Depths:3 | Identified the +12 hand axe of the Dove {drain, *Drain
                  | Int+9 Dex-3 Stlth+}
 77999 | Depths:3 | Noticed a caustic shrike
 78005 | Depths:3 | Killed a caustic shrike
 78541 | Depths:3 | Found a one-way gate to the infinite horrors of the Abyss.
 78555 | Depths:3 | Reached skill level 13 in Dodging
 78739 | Depths:3 | Identified the +2 broad axe of Inlu {vorpal, +Blink rF+
                  | rC-} (You found it on level 3 of the Depths)
 79407 | Depths:3 | Found a one-way gate to the infinite horrors of the Abyss.
 79670 | Depths:4 | Found a transporter.
 79717 | Depths:4 | Identified the amulet of Eteidwy {Acrobat +Fly MR+ Dex-4}
 79848 | Depths:4 | Found a gateway to a ziggurat.
 79921 | Depths:4 | Found Vofokhegg's General Store.
 79921 | Depths:4 | Found Vemis's Antique Armour Shop.
 79922 | Depths:4 | Found Vuotyet's Distillery.
 79924 | Depths:4 | Found Geq Acue's Gadget Shop.
 79930 | Depths:4 | Bought a scroll of teleportation for 66 gold pieces
 79933 | Depths:4 | Bought a wand of acid (8) for 432 gold pieces
 79933 | Depths:4 | Bought a wand of enslavement (6) for 144 gold pieces
 79936 | Depths:4 | Bought a pair of glowing gloves for 330 gold pieces
 80197 | Depths:4 | Identified the Grimoire of Sinister Secrets
 80310 | Depths:4 | Found a transporter.
 80471 | Depths:5 | Entered Level 5 of the Depths
 80519 | Depths:5 | Found a shattered altar of Ashenzari.
 80524 | Depths:5 | Reached skill level 14 in Dodging
 81384 | Depths:5 | Found a sparkling altar of Nemelex Xobeh.
 82243 | Depths:5 | Reached skill level 15 in Dodging
 82480 | Depths:5 | Found a gate to the Realm of Zot.
 83138 | Depths:3 | Upgraded the game from 0.25-a0-1073-gf4359a17dd to
                  | 0.25-a0-1079-g858b6a6ff6
 83353 | Crypt:1  | Entered Level 1 of the Crypt
 83609 | Crypt:1  | Noticed Sojobo
 83638 | Crypt:1  | Killed Sojobo
 83793 | Crypt:1  | Reached XP level 24. HP: 188/188 MP: 37/37
 84517 | Crypt:1  | Found a basalt altar of Yredelemnul.
 84785 | Crypt:1  | Identified the Incunabulum of the Ten Curses
 84879 | Crypt:1  | Learned a level 5 spell: Aura of Abjuration
 84905 | Crypt:2  | Reached skill level 10 in Conjurations
 84905 | Crypt:2  | Reached skill level 1 in Summonings
 84905 | Crypt:2  | Reached skill level 10 in Transmutations
 85635 | Crypt:3  | Entered Level 3 of the Crypt
 85868 | Crypt:3  | Reached skill level 5 in Summonings
 87661 | Crypt:3  | Found a staircase to the Tomb.
 88174 | Crypt:3  | Identified a scroll of acquirement
 88294 | Crypt:3  | Noticed Jory
 88351 | Crypt:3  | Killed Jory
 88601 | Crypt:3  | Reached skill level 16 in Dodging
 89108 | Crypt:3  | Identified the +5 dagger "Ladeex" {drain, *Slow rElec SInv}
                  | (You found it on level 3 of the Crypt)
 89308 | Crypt:3  | Found the +8 demon blade "Leech" {vamp, *Rage +Rage rN+}
 89738 | Depths:3 | Voluntarily entered the Abyss.
 89905 | Abyss:3  | Found a corrupted altar of Lugonu.
 89909 | Abyss:3  | Got a scorched pewter ring
 89910 | Abyss:3  | Identified the ring of the Tempest {Str+5 Slay+4} (You
                  | found it on level 3 of the Abyss)
 89930 | Abyss:3  | Reached XP level 25. HP: 141/194 MP: 22/37
 89981 | Abyss:3  | Found a transporter.
 90036 | Abyss:3  | Found a transporter.
 90240 | Abyss:3  | Got an abyssal rune of Zot
 90275 | Depths:3 | Escaped the Abyss
 90647 | Slime:1  | Entered Level 1 of the Pits of Slime
 90926 | Slime:1  | Reached skill level 17 in Dodging
 91893 | Slime:5  | Entered Level 5 of the Pits of Slime
 92401 | Slime:5  | Found a viscous altar of Jiyva.
 92418 | Slime:5  | Noticed the Royal Jelly
 92431 | Slime:5  | Killed the Royal Jelly
 92855 | Slime:5  | Reached skill level 18 in Dodging
 92908 | Slime:5  | Identified the +0 robe of the Vacuum {Harm Str+4 Int+7
                  | Dex+2} (You found it on level 5 of the Pits of Slime)
 92919 | Slime:5  | Identified the +3 plate armour of Kycais {Dex+4} (You found
                  | it on level 5 of the Pits of Slime)
 93016 | Slime:5  | Identified the cursed +0 ring mail "Ylocvim" {Slay+2} (You
                  | found it on level 5 of the Pits of Slime)
 93058 | Slime:5  | Got a slimy rune of Zot
 93063 | Slime:5  | Identified the Compendium of the Virous Frostbite
 93912 | Depths:3 | Learned a level 6 spell: Invisibility
 94000 | Zot:1    | Entered Level 1 of the Realm of Zot
 95740 | Zot:1    | Reached skill level 10 in Hexes
 96357 | Zot:1    | Gained mutation: You are strongly in touch with the powers
                  | of death. [Mummy growth]
 96357 | Zot:1    | Reached XP level 26. HP: 201/201 MP: 39/39
 97585 | Zot:2    | Reached skill level 15 in Spellcasting
101078 | Zot:4    | Reached XP level 27. HP: 217/217 MP: 43/43
101535 | Zot:4    | Found a snail-covered altar of Cheibriados.
102510 | D:11     | You showed the slimy rune of Zot to enter a treasure trove
102511 | Trove    | Entered a treasure trove
102546 | Trove    | Got a warped marble ring
102547 | Trove    | Identified the ring of Ryalydedd {Wiz rF+++} (You found it
                  | in a treasure trove)
102549 | Trove    | Got a fine buckler
102550 | Trove    | Identified the +0 buckler of the Ban {SInv} (You found it
                  | in a treasure trove)
103001 | Zot:5    | Entered Level 5 of the Realm of Zot
103407 | Zot:5    | Reached skill level 19 in Dodging
104196 | Zot:5    | Noticed an ancient lich
104199 | Zot:5    | Noticed an ancient lich
104214 | Zot:5    | Noticed an ancient lich
104218 | Zot:5    | Killed an ancient lich
104221 | Zot:5    | Killed an ancient lich
104224 | Zot:5    | Noticed an orb of fire
104256 | Zot:5    | Reached skill level 20 in Dodging
104267 | Zot:5    | Noticed an ancient lich
104268 | Zot:5    | Noticed an orb of fire
104272 | Zot:5    | Noticed an ancient lich
104273 | Zot:5    | Noticed an ancient lich
104368 | Zot:5    | Noticed an orb of fire
104370 | Zot:5    | Noticed an orb of fire
104410 | Zot:5    | Killed an orb of fire
104548 | Zot:5    | Noticed an ancient lich
104548 | Zot:5    | Noticed an ancient lich
104571 | Zot:5    | Killed an ancient lich
104574 | Zot:5    | Noticed an ancient lich
104630 | Zot:5    | Noticed an orb of fire
104740 | Zot:5    | Killed an orb of fire
104885 | Zot:5    | Got the Orb of Zot
105477 | D:4      | Noticed Josioriv the pandemonium lord
105557 | D:$      | Escaped with the Orb!
